 Dungeon Sprint DCSS version 0.19.5 (webtiles) character file.

172 strmesko the Zephyrmancer (level 5, -4/28 HPs)
             Began as a Deep Elf Air Elementalist on Mar 19, 2017.
             Was an Initiate of Sif Muna.
             Slain by a hill giant
             ... wielding a +0 giant club
              (19 damage)
             ... in the Dungeon (Sprint IX: "|||||||||||||||||||||||||||||").
             The game lasted 00:06:15 (301 turns).

strmesko the Zephyrmancer (DEAE)                     Turns: 301, Time: 00:06:16

Health: -4/28      AC:  5    Str:  8    XL:     5   Next: 27%
Magic:  2/17       EV: 13    Int: 21    God:    Sif Muna [......]
Gold:   0          SH:  0    Dex: 15    Spells: 5 memorised, 7 levels left

rFire  . . .     SeeInvis .     m - staff of energy
rCold  . . .     Gourm    .     a - +0 robe
rNeg   . . .     Faith    .     (no shield)
rPois  .         Spirit   .     n - +0 helmet
rElec  .         Reflect  .     (no cloak)
rCorr  .         Harm     .     (no gloves)
MR     .....     NoTele   +     (no boots)
Stlth  ++........               (no amulet)
                                p - +3 ring of strength
                                o - +2 ring of protection

@: very slightly contaminated
A: no striking features
a: Renounce Religion


You were in the Dungeon.
You worshipped Sif Muna.
Sif Muna was noncommittal.
You were not hungry.

You visited 1 branch

Inventory:

Hand Weapons
 j - a +0 dagger
Armour
 a - a +0 robe (worn)
 n - a +0 helmet (worn)
Magical Staves
 m - an uncursed staff of energy (weapon)
Jewellery
 o - a +2 ring of protection (left hand)
 p - a +3 ring of strength (right hand)
Wands
 l - a wand of acid (7/15)
Scrolls
 h - 3 scrolls of remove curse
 i - 2 scrolls of blinking
 k - 2 scrolls of amnesia
Potions
 d - 5 potions of curing
 e - a potion of invisibility
 f - 2 potions of heal wounds
 g - 4 potions of magic
Books
 b - a book of Air

   Spells                             Type                      Level
   a - Shock                          Conjuration/Air              1
   b - Swiftness                      Charms/Air                   2
   c - Repel Missiles                 Charms/Air                   2
   d - Static Discharge               Conjuration/Air              3
   e - Lightning Bolt                 Conjuration/Air              5
Comestibles
 c - a bread ration


   Skills:
 + Level 1.5 Short Blades
 - Level 2.4 Dodging
 - Level 2.4 Stealth
 + Level 8.2 Spellcasting
 + Level 2.8 Conjurations
 + Level 9.1 Air Magic


You had 7 spell levels left.
You knew the following spells:

 Your Spells              Type           Power        Failure   Level  Hunger
a - Shock                 Conj/Air       ####         1%          1    None
b - Repel Missiles        Chrm/Air       ####..       1%          2    None
c - Swiftness             Chrm/Air       ####....     1%          2    None
d - Static Discharge      Conj/Air       ####....     1%          3    None
e - Lightning Bolt        Conj/Air       ####......   21%         5    None


Dungeon Overview and Level Annotations

Branches:
Dungeon (1/1)

Altars:
Cheibriados
Dithmenos
Elyvilon
Fedhas
Gozag
Hepliaklqana
Kikubaaqudgha
Makhleb
Nemelex Xobeh
Okawaru
Qazlal
Ru
Sif Muna
Trog
Uskayaw
Vehumet
Xom
Yredelemnul
Zin
The Shining One
Beogh
Jiyva
Lugonu


Message History

You see here a +1 chain mail.
Casting: Lightning Bolt
Confirm with . or Enter, or press ? or * to list all spells.
Aiming: Lightning Bolt
Press: ? - help, Shift-Dir - straight line, p - hill giant You miscast Lightning Bolt.
You are very lightly contaminated with residual magic.
You are caught in an explosion of electrical discharges!
The explosion engulfs you!
The explosion engulfs the hill giant.
The hill giant completely misses you.
Casting: Lightning Bolt
Confirm with . or Enter, or press ? or * to list all spells.
Aiming: Lightning Bolt
Press: ? - help, Shift-Dir - straight line You hear a mighty clap of thunder!
The bolt of lightning hits the hill giant.
The hill giant is severely wounded.
The hill giant hits you with a giant club!!
Ouch! That really hurt!
You die...

▓.▓
▓'▓
▓.▓
▓.▓
▓.▓
▓)▓
▓.▓
▓[▓
▓@▓
▓C▓
▓Z▓
▓Y▓
▓H▓
▓.▓
▓h▓
▓o▓
▓.▓


You could see a hill giant, a hippogriff, an ice beast, a hound, an orc and a
bat skeleton.

Vanquished Creatures
  An ogre (D)
  A scorpion (D)
  A hound (D)
  A worm (D)
  A leopard gecko (D)
  An orc (D)
  A bat (D)
  A goblin (D)
  A jackal (D)
  A kobold (D)
10 creatures vanquished.

Notes
Turn   | Place    | Note
-------+----------+-------------------------------------------
     0 | D        | strmesko the Deep Elf Air Elementalist began the quest for the Orb.
     0 | D        | Reached XP level 1. HP: 10/10 MP: 6/6
     7 | D        | Reached skill level 4 in Air Magic
    60 | D        | Noticed an ogre
    60 | D        | Noticed a hound
    60 | D        | Noticed a scorpion
    71 | D        | Reached XP level 2. HP: 15/15 MP: 2/9
    74 | D        | Killed an ogre
    74 | D        | Reached skill level 1 in Short Blades
    74 | D        | Reached skill level 7 in Air Magic
    74 | D        | Reached XP level 3. HP: 19/19 MP: 2/13
    74 | D        | Reached XP level 4. HP: 24/24 MP: 2/14
    75 | D        | Reached skill level 8 in Air Magic
    81 | D        | Reached skill level 9 in Air Magic
    81 | D        | Reached XP level 5. HP: 21/28 MP: 2/17
   118 | D        | Learned a level 2 spell: Repel Missiles
   121 | D        | Learned a level 2 spell: Swiftness
   125 | D        | Learned a level 3 spell: Static Discharge
   131 | D        | Learned a level 5 spell: Lightning Bolt
   231 | D        | Found a roughly hewn altar of Beogh.
   231 | D        | Found a snail-covered altar of Cheibriados.
   231 | D        | Found a shadowy altar of Dithmenos.
   231 | D        | Found a white marble altar of Elyvilon.
   231 | D        | Found a blossoming altar of Fedhas.
   231 | D        | Found an opulent altar of Gozag.
   232 | D        | Found a hazy altar of Hepliaklqana.
   233 | D        | Found a viscous altar of Jiyva.
   234 | D        | Found an ancient bone altar of Kikubaaqudgha.
   235 | D        | Found a corrupted altar of Lugonu.
   236 | D        | Found a burning altar of Makhleb.
   237 | D        | Found a sparkling altar of Nemelex Xobeh.
   238 | D        | Found an iron altar of Okawaru.
   239 | D        | Found a stormy altar of Qazlal.
   240 | D        | Found a sacrificial altar of Ru.
   241 | D        | Found a deep blue altar of Sif Muna.
   242 | D        | Found a bloodstained altar of Trog.
   243 | D        | Found a hide-covered altar of Uskayaw.
   244 | D        | Found a radiant altar of Vehumet.
   245 | D        | Found a shimmering altar of Xom.
   246 | D        | Found a basalt altar of Yredelemnul.
   247 | D        | Found a glowing silver altar of Zin.
   248 | D        | Found a glowing golden altar of the Shining One.
   249 | D        | Became a worshipper of Sif Muna the Loreminder
   296 | D        | Noticed a hill giant
   296 | D        | Noticed an ice beast
   296 | D        | Noticed a hippogriff
   301 | D        | Slain by a hill giant

Skill      XL: |  1  2  3  4 |
---------------+-------------+-----
Spellcasting   | 4 6 8 |  8.2
Air Magic      | 4 7 9 |  9.1
Short Blades   | 1 |  1.5
Conjurations   | 2 |  2.8
Dodging        | |  2.4
Stealth        | |  2.4

Action                   |  1- 3 |  4- 6 || total
-------------------------+-------+-------++-------
Melee: Dagger            |     4 |     6 ||    10
 Cast: Shock             |    10 |       ||    10
       Lightning Bolt    |       |     2 ||     2
  Use: Potion            |     3 |       ||     3
Armor: Robe              |     1 |       ||     1
Dodge: Dodged            |     7 |     1 ||     8
